 Dungeon Crawl Stone Soup version 0.19.0-2-gae57169 (webtiles) character file.

522 micr0chasm the Skirmisher (level 7, -4/56 HPs)
             Began as a Human Fighter on Nov 5, 2016.
             Slain by Pikel
             ... wielding a +2 whip of electrocution
              (13 damage)
             ... on level 4 of the Dungeon.
             The game lasted 00:12:01 (4459 turns).

micr0chasm the Skirmisher (Human Fighter)           Turns: 4459, Time: 00:12:02

Health: -4/56      AC: 12    Str: 24    XL:     7   Next: 46%
Magic:  7/7        EV:  6    Int: 10    God:
Gold:   196        SH:  9    Dex: 12    Spells: 0 memorised, 6 levels left

rFire  . . .     SeeInvis .     a - +1 war axe (drain)
rCold  . . .     Gourm    .     x - +0 chain mail
rNeg   . . .     Faith    .     c - +0 shield
rPois  .         Spirit   .     A - +0 helmet
rElec  .         Reflect  .     (no cloak)
rCorr  .         Harm     .     h - +0 pair of gloves (curse)
MR     .....                    B - +0 pair of boots
Stlth  ..........               p - amulet of rage
                                u - +2 ring of strength
                                m - ring of flight

@: mighty
A: no striking features
a: Evoke Berserk Rage, Evoke Flight


You were on level 4 of the Dungeon.
You were not hungry.

You visited 1 branch of the dungeon, and saw 5 of its levels.

You collected 196 gold pieces.

Inventory:

Hand Weapons
 a - a +1 war axe of draining (weapon)
Missiles
 k - 13 poisoned needles
 s - 5 curare-tipped needles
Armour
 c - a +0 shield (worn)
 h - a cursed +0 pair of gloves (worn)
 x - a +0 chain mail (worn)
 A - a +0 helmet (worn)
 B - a +0 pair of boots (worn)
Jewellery
 m - a ring of flight (left hand)
 n - an uncursed ring of protection from fire
 p - an amulet of rage (around neck)
 u - a +2 ring of strength (right hand)
Scrolls
 q - 2 scrolls of remove curse
 r - a scroll of recharging
 w - a scroll of identify
 y - a scroll of fog {unknown}
Potions
 e - a potion of haste {unknown}
 g - 2 potions of mutation {unknown}
 i - a potion of magic {unknown}
 l - a potion of flight {unknown}
 t - a potion of cancellation {unknown}
 v - 3 potions of curing {unknown}
 z - 2 potions of heal wounds {unknown}
Comestibles
 b - 3 fruits
 f - 3 bread rations
 j - 7 meat rations
 o - a beef jerky
 C - a slice of pizza


   Skills:
 - Level 5.6 Fighting
   Level 2.0 Short Blades
 * Level 5.0 Axes
 - Level 3.1 Armour
 - Level 1.4 Dodging
 - Level 0.7 Stealth
 - Level 3.0 Shields


You had 6 spell levels left.
You didn't know any spells.

Dungeon Overview and Level Annotations

Branches:
Dungeon (5/15)
 Temple: D:4-7

Altars:
Elyvilon

Annotations:
D:4 Pikel


Message History

You closely miss the slave.
The slave is heavily wounded.
The slave barely misses you.
You hit the slave. You drain the slave!
The slave is severely wounded.
The slave hits you but does no damage.
Your shield and chain mail prevent you from hitting the slave.
You slash the slave! You drain the slave!
The slave is heavily wounded.
The slave hits you but does no damage.
You feel very mighty all of a sudden.
You miss Pikel.
Pikel is moderately wounded.
Pikel closely misses you.
You hit Pikel. You drain Pikel!
Pikel is heavily wounded.
Pikel hits you with a whip of electrocution.
* * * LOW HITPOINT WARNING * * *
You are electrocuted!
You die...

.................## ##.........
..................# #..........
..................# #..........
#.................##
#.........#
##.................#
#######..##
##...............###########.##
# ##.........................##
# #..........pK#...#....###..#
## ##........>.#@.##.....# ##.#
.## ##........##.##......# #.##
..## ######..##..#.......#
#..## ...# #####.#........#
##.#. ..## ##...........# #...
..# ########...........## ##...
.## #.......##.........# #....
.# ##.......###.......## ##....
## #........# ##......# #.....


You could see Pikel and a slave.

Vanquished Creatures
  Eustachio (D:5)
  A slave (D:5)
  A scorpion (D:4)
  A bullfrog zombie (D:5)
  3 orc wizards (D:4)
  Jessica (D:2)
  Terence (D:2)
  A hound skeleton (D:4)
  4 adders
  An ooze (D:2)
  2 worms
  3 dart slugs
  4 leopard geckos
  12 orcs
  3 giant cockroaches
  9 goblins
  10 hobgoblins
  9 jackals
  6 kobolds
  A quokka (D:4)
  A ball python skeleton (D:4)
  6 bats
  4 frilled lizards
  8 rats
93 creatures vanquished.

Vanquished Creatures (others)
  A quokka (D:5)
1 creature vanquished.

Grand Total: 94 creatures vanquished

Notes
Turn   | Place    | Note
-------+----------+-------------------------------------------
     0 | D:1      | micr0chasm the Human Fighter began the quest for the Orb.
     0 | D:1      | Reached XP level 1. HP: 18/18 MP: 1/1
   140 | D:1      | Reached XP level 2. HP: 21/24 MP: 2/2
   242 | D:1      | Reached XP level 3. HP: 15/30 MP: 3/3
  1021 | D:2      | Reached XP level 4. HP: 24/38 MP: 4/4
  1495 | D:2      | Reached skill level 1 in Dodging
  1681 | D:2      | Noticed Jessica
  1694 | D:2      | Killed Jessica
  1694 | D:2      | Reached skill level 5 in Fighting
  1694 | D:2      | Reached XP level 5. HP: 44/44 MP: 5/5
  1879 | D:2      | Noticed Terence
  1887 | D:2      | Killed Terence
  2916 | D:4      | Reached skill level 1 in Axes
  2916 | D:4      | Reached XP level 6. HP: 51/51 MP: 6/6
  4165 | D:5      | Entered Level 5 of the Dungeon
  4185 | D:5      | Reached XP level 7. HP: 39/56 MP: 7/7
  4190 | D:5      | Found a white marble altar of Elyvilon.
  4294 | D:5      | Noticed Eustachio
  4337 | D:5      | Killed Eustachio
  4337 | D:5      | Reached skill level 5 in Axes
  4421 | D:5      | Noticed Pikel
  4459 | D:4      | Slain by Pikel

Skill      XL: |  1  2  3  4  5  6  7 |
---------------+----------------------+-----
Fighting       | 4 5 |  5.6
Dodging        | 1 |  1.4
Axes           | 1 3 5 |  5.0
Short Blades   | |  2.0
Armour         | |  3.1
Stealth        | |  0.7
Shields        | |  3.0

Action                   |  1- 3 |  4- 6 |  7- 9 || total
-------------------------+-------+-------+-------++-------
Melee: Rapier            |   112 |    93 |       ||   205
       Morningstar       |       |    38 |       ||    38
       Hand axe          |       |    14 |       ||    14
       War axe           |       |    57 |    49 ||   106
  Use: Scroll            |       |     3 |       ||     3
       Potion            |       |       |     1 ||     1
  Eat: Chunk             |       |    10 |     2 ||    12
Armor: Scale mail        |    51 |    24 |       ||    75
       Chain mail        |       |    77 |    43 ||   120
Dodge: Dodged            |    39 |    37 |    15 ||    91
Block: Shield            |    62 |    98 |    27 ||   187
